 Dungeon Crawl Stone Soup version 0.28.0 (webtiles) character file.

Game seed: 13778478106321398875

4106 Akaron the Unseen (level 10, -1/100 HPs)
             Began as an Octopode Brigand on Feb 14, 2022.
             Was a Follower of Dithmenos.
             Succumbed to a green ugly thing's poison
             ... on level 7 of the Dungeon.
             The game lasted 00:18:14 (9204 turns).

Akaron the Unseen (Octopode Brigand)                Turns: 9204, Time: 00:18:15

Health: -1/100     AC:  1    Str: 10    XL:     10   Next: 26%
Magic:  10/10      EV: 17    Int: 15    God:    Dithmenos [*.....]
Gold:   371        SH:  0    Dex: 23    Spells: 9/9 levels left

rFire   . . .      SeeInvis +   a - +2 dagger
rCold   + . .      Faith    .   (no shield)
rNeg    . . .      Spirit   .   (helmet restricted)
rPois   .          Reflect  .   (no amulet)
rElec   .          Harm     .   l - +4 ring of slaying
rCorr   .          Rampage  .   y - +6 ring of dexterity
Will    .....                   F - ring of see invisible
Stlth   ..........              L - ring of protection from cold
HPRegen 0.26/turn               (no ring)
MPRegen 0.12/turn               (no ring)
                                (no ring)
                                (no ring)

@: berserking, lethally poisoned (-1 -> -27), wreathed by umbra, very quick
A: almost no armour, amphibious, 8 rings, camouflage 1, gelatinous body 1,
(nimble swimmer 1), tentacles
a: Renounce Religion


You were on level 7 of the Dungeon.
You worshipped Dithmenos.
Dithmenos was aware of your devotion.
You visited 2 branches of the dungeon, and saw 8 of its levels.
You also visited: Ossuary.

You collected 371 gold pieces.

Inventory:

Hand Weapons
 a - a +2 dagger (weapon)
 f - a +2 hand axe of venom
Missiles
 b - 21 poisoned darts (quivered)
 c - 2 curare-tipped darts
 H - a boomerang
 I - 4 throwing nets
Jewellery
 l - a +4 ring of slaying (left tentacle)
 o - an amulet of magic regeneration
 y - a +6 ring of dexterity (right tentacle)
 F - a ring of see invisible (on tentacle)
 L - a ring of protection from cold (on tentacle)
 O - an amulet of faith
Wands
 m - a wand of acid (13)
 G - a wand of paralysis (7)
 J - a wand of polymorph (12)
Scrolls
 d - 2 scrolls of magic mapping
 e - 3 scrolls of holy word {unknown}
 h - 3 scrolls of enchant weapon {unknown}
 i - 4 scrolls of teleportation
 n - 3 scrolls of fear
 p - a scroll of summoning {unknown}
 u - 4 scrolls of amnesia
 w - a scroll of immolation {unknown}
 x - a scroll of enchant armour {unknown}
 z - a scroll of vulnerability {unknown}
 A - a scroll of fog {unknown}
 B - a scroll of brand weapon {unknown}
 D - a scroll of noise {unknown}
 E - a scroll of torment {unknown}
 M - a scroll of blinking {unknown}
 N - 2 scrolls of identify
Potions
 g - 2 potions of flight
 j - a potion of lignification {unknown}
 k - 2 potions of curing
 q - a potion of berserk rage
 r - 2 potions of attraction
 s - 2 potions of resistance {unknown}
 t - 3 potions of brilliance {unknown}
 v - a potion of haste {unknown}
 C - a potion of degeneration {unknown}
 K - a potion of cancellation {unknown}


   Skills:
 + Level 5.6 Fighting
 + Level 6.9 Short Blades
 + Level 2.8 Throwing
 + Level 5.6 Dodging
 + Level 15.0 Stealth
 + Level 0.2 Evocations


You had 9 spell levels left.
You didn't know any spells.
Your spell library contained the following spells:

 Spells                   Type           Power      Damage    Failure   Level
 Animate Skeleton         Necr           0%         N/A       26%         1
 Apportation              Tloc           0%         N/A       26%         1
 Pain                     Necr           0%         1d4       26%         1
 Summon Small Mammal      Summ           0%         N/A       26%         1
 Sublimation of Blood     Necr           0%         N/A       38%         2
 Vampiric Draining        Necr           0%         2d6       63%         3
 Petrify                  Tmut/Erth      0%         N/A       95%         4
 Irradiate                Conj/Tmut      0%         3d13      100%        5


Dungeon Overview and Level Annotations

Branches:
Dungeon (7/15)             Temple (1/1) D:4         Ossuary (visited)

Altars:
Ashenzari
Cheibriados
Dithmenos
Elyvilon
Fedhas
Gozag
Hepliaklqana
Kikubaaqudgha
Makhleb
Nemelex Xobeh
Okawaru
Qazlal
Ru
Trog
Uskayaw
Vehumet
Wu Jian
Xom
Yredelemnul
Zin
The Shining One

Shops:
D:7 *


Innate Abilities, Weirdness & Mutations

You cannot wear most types of armour.
You are amphibious.
You can wear up to eight rings at the same time.
Your skin changes colour to match your surroundings (Stealth+).
Your rubbery body absorbs attacks. (AC +1, EV +1)
((You are camouflaged when in or above water. (Stealth+)))
You have tentacles for arms and can constrict up to eight enemies at once.


Message History

* * * LOW HITPOINT WARNING * * *
You are lethally poisoned!
The green ugly thing poisons you!
You puncture the green ugly thing!
The green ugly thing is heavily wounded.
You constrict the green ugly thing.
* * * LOW HITPOINT WARNING * * *
You feel very sick.
You hit the green ugly thing. You squeeze the green ugly thing.
The green ugly thing is severely wounded.
You constrict the green ugly thing, but do no damage.
* * * LOW HITPOINT WARNING * * *
You feel very sick. The howler monkey skeleton hits you.
* * * LOW HITPOINT WARNING * * *
The green ugly thing misses you.
You barely miss the green ugly thing. You squeeze the green ugly thing!
The green ugly thing is almost dead.
You constrict the green ugly thing.
* * * LOW HITPOINT WARNING * * *
You feel very sick.
You puncture the green ugly thing!
You kill the green ugly thing!
Dithmenos accepts your kill.
* * * LOW HITPOINT WARNING * * *
You feel very sick.
The howler monkey skeleton barely misses you.
Your Stealth skill increases to level 15!
You are too berserk!
You puncture the howler monkey skeleton!
You grab the howler monkey skeleton.
The howler monkey skeleton is severely damaged.
You constrict the howler monkey skeleton.
* * * LOW HITPOINT WARNING * * *
You feel very sick.
You completely miss the howler monkey skeleton.
You squeeze the howler monkey skeleton.
You destroy the howler monkey skeleton!
Dithmenos accepts your kill.
You die...

..##...........#
..#............##..##
.##............#....#
.#..................###
##..................#.###
#.......................####
#...........................
............................
...........# #.@..!........
........... #...........#
.............#####........#.
...####.......###...........
..## .#......#............
.#### ##...................
....# #..>.................
....## ##...................#
###..###..#.................#


There were no monsters in sight!

Vanquished Creatures
  Harold (D:7)
  An ugly thing (D:7)
  A wraith (Ossuary)
  An acid dragon (D:7)
  2 water moccasins (D:7)
  An orc warrior (D:7)
  Duvessa (D:7)
  A sky beast (D:7)
  3 black bears
  An ice beast (D:6)
  3 ogres
  A phantom (D:4)
  A centaur (D:7)
  An elf zombie (D:4)
  2 bullfrogs
  4 scorpions
  An elf skeleton (D:4)
  Dowan (D:7)
  A wyvern skeleton (D:6)
  A water moccasin skeleton (D:6)
  A howler monkey (D:6)
  A bullfrog zombie (D:6)
  4 hounds
  A bullfrog skeleton (D:6)
  A centaur skeleton (D:6)
  2 orc priests
  3 jellies
  A human zombie (Ossuary)
  A human skeleton (D:4)
  Jessica (D:2)
  Terence (D:3)
  5 iguanas
  2 killer bee zombies
  3 mummies (Ossuary)
  Robin (D:2)
  3 gnolls (D:3)
  6 adders
  2 howler monkey skeletons
  A shadow imp (D:6)
  An adder skeleton (D:3)
  A dart slug (D:2)
  11 orcs
  7 bats
  6 endoplasms
  A giant cockroach (D:1)
  15 goblins
  9 hobgoblins
  4 jackals
  4 kobolds
  7 quokkas
  4 ball pythons
  5 frilled lizards
  A gnoll zombie (Ossuary)
  A goblin zombie (Ossuary)
  4 hobgoblin zombies (Ossuary)
  A kobold zombie (Ossuary)
  2 orc skeletons (D:4)
  An orc zombie (D:4)
  6 rats
160 creatures vanquished.

Vanquished Creatures (others)
  2 fungi (D:5)
2 creatures vanquished.

Grand Total: 162 creatures vanquished

Notes
Turn   | Place    | Note
-------+----------+-------------------------------------------
     0 | D:1      | Akaron the Octopode Brigand began the quest for the Orb.
     0 | D:1      | Reached XP level 1. HP: 14/14 MP: 1/1
   338 | D:1      | Reached XP level 2. HP: 19/19 MP: 2/2
   369 | D:1      | Reached skill level 6 in Stealth
   666 | D:1      | Reached XP level 3. HP: 19/24 MP: 3/3
  1131 | D:1      | You fall into a shaft and drop 1 floor!
  1402 | D:2      | Noticed Jessica
  1407 | D:2      | Killed Jessica
  1408 | D:2      | Reached skill level 7 in Stealth
  1408 | D:2      | Reached XP level 4. HP: 24/30 MP: 4/4
  1472 | D:2      | Found an opulent altar of Gozag.
  1789 | D:2      | Noticed Robin
  2369 | D:2      | Killed Robin
  2370 | D:2      | Reached XP level 5. HP: 6/35 MP: 5/5
  3428 | D:3      | Noticed Terence
  3438 | D:3      | Killed Terence
  4394 | D:3      | Found a faded altar of an unknown god.
  4431 | D:4      | Reached skill level 8 in Stealth
  4440 | D:4      | Reached XP level 6. HP: 29/41 MP: 6/6
  4576 | D:4      | Noticed a black bear
  4579 | D:4      | Killed a black bear
  4637 | D:4      | Reached skill level 9 in Stealth
  4737 | D:4      | Found a sand-covered staircase.
  4743 | D:4      | Reached XP level 7. HP: 31/46 MP: 7/7
  4746 | Ossuary  | Entered an ossuary
  4746 | Ossuary  | Noticed a wraith
  4746 | Ossuary  | Noticed a wraith
  4746 | Ossuary  | Noticed a wraith
  5037 | Ossuary  | Noticed a wraith
  5039 | Ossuary  | Killed a wraith
  5307 | D:4      | Reached skill level 10 in Stealth
  5421 | D:4      | Reached XP level 8. HP: 44/52 MP: 8/8
  5548 | D:4      | Found a staircase to the Ecumenical Temple.
  5555 | Temple   | Entered the Ecumenical Temple
  5776 | Temple   | Became a worshipper of Dithmenos the Shadowed
  6024 | D:4      | Reached skill level 11 in Stealth
  6102 | D:5      | Entered Level 5 of the Dungeon
  6572 | D:5      | Reached skill level 5 in Short Blades
  6778 | D:6      | Reached skill level 12 in Stealth
  6837 | D:6      | Found an ancient bone altar of Kikubaaqudgha.
  7095 | D:6      | Reached * piety under Dithmenos
  7104 | D:6      | Reached XP level 9. HP: 40/58 MP: 9/9
  7613 | D:6      | Reached skill level 13 in Stealth
  8064 | D:7      | Noticed Duvessa
  8065 | D:7      | Noticed Dowan
  8070 | D:7      | Killed Dowan
  8085 | D:7      | Killed Duvessa
  8685 | D:7      | Noticed a red ugly thing
  8685 | D:7      | Noticed a deep elf pyromancer
  8706 | D:7      | Reached skill level 14 in Stealth
  8822 | D:7      | Noticed Harold
  8825 | D:7      | Killed Harold
  8826 | D:7      | Reached skill level 5 in Fighting
  8826 | D:7      | Reached skill level 5 in Dodging
  8826 | D:7      | Reached XP level 10. HP: 66/66 MP: 10/10
  8828 | D:7      | Found Laig's Luxury Loot.
  9202 | D:7      | Killed a green ugly thing
  9203 | D:7      | Reached skill level 15 in Stealth
  9203 | D:7      | HP: 2/100 [poisoned by a green ugly thing]
  9204 | D:7      | Succumbed to a green ugly thing's poison

Illustrated notes

Levels and vault maps discovered:
D:1:      dpeg_arrival_rooms_b, layout_basic
D:2:      layout_basic, basic_altar, uniq_jessica, uniq_robin
D:3:      layout_loops_corners, basic_ecumenical_altar, uniq_terence
D:4:      layout_rooms, minmay_temple_entry_enclosed_plants,
          nicolae_ossuary_entry_catacombs, minmay_misc_feat_enclosed
D:5:      cheibrodos_iron_armory, layout_rooms, serial_aquarium,
          aquarium_bridge_straight [aquarium_subvault_bridge,
          aquarium_subvault_wall, aquarium_subvault_bridge,
          aquarium_subvault_balcony], aquarium_bridge_square
          [aquarium_subvault_wall, aquarium_subvault_bridge,
          aquarium_subvault_wall, aquarium_subvault_bridge], aquarium_window_2,
          aquarium_window_1, aquarium_view_2c, aquarium_view_2d
D:6:      layout_rooms, kennysheep_crisscross, chequers_serial_rivers_micro_a,
          minmay_ruined_shrine
D:7:      minmay_the_grid_triangle_9x9_rhombus_thin
          [minmay_the_grid_triangle_9x9_corrupted_corridor,
          minmay_the_grid_triangle_9x9_prize_top_heavy,
          minmay_the_grid_triangle_9x9_limited_checkers,
          minmay_the_grid_triangle_9x9_negative_grid], layout_cave_pools,
          hangedman_glass_teeth, nicolae_alphabet_shops,
          kennysheep_decorative_pillar, solitary_fountain,
          guppyfry_early_elven_hall, uniq_menkaure, uniq_harold, uniq_duvessa
Temple:   mainiacjoe_temple_archimedes_tessellation

Skill      XL: |  1  2  3  4  5  6  7  8  9 10 |
---------------+-------------------------------+-----
Stealth        | 6 7 8 9 10 12 14 15 | 15.0
Dodging        | 2 3 5 |  5.6
Fighting       | 3 4 5 |  5.6
Short Blades   | 3 4 5 6 |  6.9
Throwing       | |  2.8
Evocations     | |  0.2

Action                   |  1- 3 |  4- 6 |  7- 9 | 10-12 || total
-------------------------+-------+-------+-------+-------++-------
Melee: Dagger            |    64 |   110 |   185 |    18 ||   377
       Constrict         |     9 |    23 |    29 |     2 ||    63
       Tentacles         |     9 |    25 |    49 |     6 ||    89
       Punch             |       |     2 |     3 |     1 ||     6
Throw: Dart              |     1 |       |     4 |       ||     5
Evoke: Wand              |       |       |       |     3 ||     3
  Use: Scroll            |       |     2 |     8 |       ||    10
       Potion            |       |       |     3 |     1 ||     4
 Stab: Sleeping          |     8 |    16 |    28 |       ||    52
       Distracted        |       |       |     2 |     1 ||     3
Armor: Skin              |     6 |     9 |     9 |       ||    24
Dodge: Dodged            |    31 |    54 |   104 |    12 ||   201
